 Dungeon Crawl Stone Soup version 0.16-a0-2063-g87d9768 (webtiles) character file.

263 Psiweapon the Sneak (level 5, -1/34 HPs)
             Began as a Vampire Gladiator on Nov 11, 2014.
             Slain by an orc (2 damage)
             ... on level 3 of the Dungeon.
             The game lasted 00:06:00 (2080 turns).

Psiweapon the Sneak (Vampire Gladiator)             Turns: 2080, Time: 00:06:00

Health: -1/34      AC:  4    Str: 17    XL:     5   Next: 98%
Magic:  5/5        EV: 13    Int: 10    God:
Gold:   109        SH:  0    Dex: 14    Spells: 0 memorised, 4 levels left

rFire  . . .     SeeInvis +     f - +2 short sword (elec)
rCold  + + .     Clarity  .     b - +0 leather armour
rNeg   + + .     SustAb   .     (no shield)
rPois  +         Gourm    .     c - +0 helmet
rElec  .         Spirit   .     (no cloak)
rCorr  .         Warding  .     (no gloves)
rMut   .         Stasis   .     (no boots)
MR     .....                    (no amulet)
Stlth  +++.......               (no ring)
                                (no ring)

@: regenerating slowly, not resistant to hostile enchantments, fairly stealthy
A: claws 1, fangs 3, see invisible, cold resistance 1, frail 1, sense
surroundings 1, strong 1, unbreathing
a: Bat Form


You were on level 3 of the Dungeon.
You were thirsty.

You visited 1 branch of the dungeon, and saw 3 of its levels.

You collected 109 gold pieces.

Inventory:

Hand weapons
 a - a +0 long sword
 f - a +2 short sword of electrocution (weapon)
Missiles
 d - 3 throwing nets (quivered)
 g - 39 bolts
 l - 7 poisoned needles
 o - 24 bolts of flame
Armour
 b - a +0 leather armour (worn)
 c - a +0 helmet (worn)
Scrolls
 j - a scroll of fog {unknown}
 k - a scroll of enchant weapon {unknown}
 m - 2 scrolls of teleportation {unknown}
 n - a scroll of identify {unknown}
Potions
 e - a potion of blood
 i - a potion of curing {unknown}


   Skills:
 - Level 1.7 Fighting
 - Level 4.4(5.0) Short Blades
 - Level 3.0(4.0) Long Blades
 - Level 1.5 Throwing
 + Level 4.2 Dodging
 - Level 5.1 Stealth


You had 4 spell levels left.
You didn't know any spells.

Dungeon Overview and Level Annotations

Branches:
Dungeon (3/15)

Altars:


Innate Abilities, Weirdness & Mutations

You heal slowly.
You have razor-sharp teeth.
You have supernaturally acute eyesight.
You can survive without breathing.
You have sharp fingernails.
Your flesh is cold resistant.
You are frail (-10% HP).
You passively map a small area around you.
Your muscles are strong. (Str +2)


Message History

You hit the orc wizard but do no damage.
There is a sudden explosion of sparks!
You kill the orc wizard!
The orc misses you. The orc hits you but does no damage.
You barely miss the orc priest. The orc hits you but does no damage.
The orc priest closely misses you.
You hit the orc priest but do no damage.
The orc hits you. The orc closely misses you.
The orc priest hits you but does no damage.
You hit the orc priest.
There is a sudden explosion of sparks!
The orc priest is almost dead.
The orc hits you. The orc hits you but does no damage.
The orc priest calls down the wrath of Beogh upon you.
Something smites you!
* * * LOW HITPOINT WARNING * * *
You hit the orc priest.
There is a sudden explosion of sparks!
You kill the orc priest!
Your Dodging skill increases to level 4!
The orc hits you.
You die...

. .............
#.#..##....<.#...
#.#..##.#...##...
#$...............
#..###[#.#.####..
#.....###........
#..##..#.######..
##o..#.#(#######
#@o.........[.....
######o...#.####.###
. #.o.o..(#.#.# #.
.. #.####....#.. #.
.. * #.#######
#.###.# * #.. #..
#...... ##.#
#.>.##.><... , ..
#.?.........
.#.....##......


You could see 3 orcs.

Vanquished Creatures
  The ghost of Phlounder the Magician, an average DsWz (D:3)
  An orc priest (D:3)
  An orc wizard (D:3)
  Ijyb (D:2)
  A giant mite (D:1)
  2 worms (D:2)
  2 giant geckos
  An ooze (D:2)
  3 orcs (D:3)
  7 bats
  5 goblins
  4 hobgoblins (D:2)
  5 kobolds (D:2)
  3 giant cockroaches
  A giant newt (D:1)
  7 rats
45 creatures vanquished.

Notes
Turn   | Place    | Note
--------------------------------------------------------------
     0 | D:1      | Psiweapon, the Vampire Gladiator, began the quest for the Orb.
     0 | D:1      | Reached XP level 1. HP: 16/16 MP: 1/1
    30 | D:1      | Reached XP level 2. HP: 19/22 MP: 2/2
   532 | D:1      | Reached skill level 4 in Stealth
   722 | D:2      | Reached XP level 3. HP: 27/27 MP: 3/3
  1364 | D:2      | Reached skill level 5 in Stealth
  1559 | D:2      | Noticed Ijyb
  1576 | D:2      | Killed Ijyb
  1576 | D:2      | Reached skill level 1 in Short Blades
  1576 | D:2      | Reached XP level 4. HP: 28/33 MP: 4/4
  1746 | D:3      | Noticed Phlounder's ghost (average DsWz)
  1754 | D:3      | Killed Phlounder's ghost
  1754 | D:3      | Reached XP level 5. HP: 14/38 MP: 5/5
  2072 | D:3      | Gained mutation: You are frail (-10% HP). [potion of mutation]
  2072 | D:3      | Gained mutation: You passively map a small area around you. [potion of mutation]
  2074 | D:3      | Gained mutation: Your flesh is cold resistant. [potion of mutation]
  2074 | D:3      | Gained mutation: Your muscles are strong. (Str +2) [potion of mutation]
  2074 | D:3      | Gained mutation: You have sharp fingernails. [potion of mutation]
  2079 | D:3      | HP: 1/34 [orc priest/divine providence (11)]
  2080 | D:3      | Slain by an orc

Action                   |  1- 3 |  4- 6 || total
-------------------------+-------+-------++-------
Melee: Short sword       |    85 |    35 ||   120
  Use: Potion            |       |     2 ||     2
 Stab: Sleeping          |     6 |     1 ||     7
  Eat: Corpse            |     1 |     1 ||     2
